 Dungeon Crawl Stone Soup version 0.26.0-3-g156281e41b (webtiles) character file.

Game seed: 5354964297042894297

140 lastplaneout the Stinger (level 5, 0/37 HPs)
             Began as a Gnoll Wanderer on Jan 10, 2021.
             Slain by an orc wizard
             ... wielding a +0 dagger
              (2 damage)
             ... on level 3 of the Dungeon.
             The game lasted 00:10:21 (3479 turns).

lastplaneout the Stinger (Gnoll Wanderer)           Turns: 3479, Time: 00:10:21

Health: 0/37       AC:  6    Str: 13    XL:     5   Next: 22%
Magic:  9/9        EV: 12    Int: 15    God:
Gold:   165        SH:  0    Dex: 16    Spells: 1/10 levels left

rFire    . . .     SeeInvis .   a - +1 dagger
rCold    . . .     Faith    .   (no shield)
rNeg     . . .     Spirit   .   d - +0 robe
rPois    .         Reflect  .   (no helmet)
rElec    .         Harm     .   (no cloak)
rCorr    .         Rampage  .   (no gloves)
Will     .....                  (no boots)
Stlth    +.........             (no amulet)
HPRegen  0.12/turn              i - +4 ring of protection
MPRegen  0.11/turn              (no ring)

@: confused
A: distributed training, fangs 1, strong nose
a: no special abilities


You were on level 3 of the Dungeon.
You visited 1 branch of the dungeon, and saw 3 of its levels.

You collected 165 gold pieces.

Inventory:

Hand Weapons
 a - a +1 dagger (weapon)
Armour
 d - a +0 robe (worn)
Jewellery
 i - a +4 ring of protection (left hand)
Scrolls
 e - a scroll of immolation {unknown}
 g - a scroll of enchant armour {unknown}
 k - a scroll of remove curse {unknown}
 l - 3 scrolls of teleportation
 n - a scroll of fear {unknown}
 o - a scroll of identify
Potions
 b - a potion of haste
 c - 2 potions of lignification
 h - 2 potions of might
 j - a potion of berserk rage
 m - a potion of flight {unknown}


   Skills:
 + Level 1.4 Fighting
 + Level 1.4 Short Blades
 + Level 1.4 Long Blades
 + Level 1.4 Axes
 + Level 1.4 Maces & Flails
 + Level 1.4 Polearms
 + Level 1.4 Staves
 + Level 1.4 Slings
 + Level 1.4 Bows
 + Level 1.4 Crossbows
 + Level 2.9 Throwing
 + Level 1.4 Armour
 + Level 1.4 Dodging
 + Level 1.4 Stealth
 + Level 1.4 Shields
 + Level 1.4 Unarmed Combat
 + Level 3.1 Spellcasting
 + Level 1.1 Conjurations
 + Level 3.9 Hexes
 + Level 1.1 Summonings
 + Level 1.1 Necromancy
 + Level 1.1 Translocations
 + Level 1.1 Transmutations
 + Level 3.9 Fire Magic
 + Level 1.1 Ice Magic
 + Level 2.3 Air Magic
 + Level 1.1 Earth Magic
 + Level 3.9 Poison Magic
 + Level 1.5 Invocations
 + Level 2.9 Evocations


You had one spell level left.
You knew the following spells:

 Your Spells              Type           Power        Failure   Level
a - Corona                Hex            15%          4%          1
b - Sting                 Tmut/Pois      36%          7%          1
c - Slow                  Hex            14%          6%          2
d - Ensorcelled Hibernat  Hex/Ice        18%          11%         2
e - Confusing Touch       Hex            14%          12%         3

Your spell library contained the following spells:

 Spells                   Type           Power        Failure   Level
 Tukima's Dance           Hex            14%          12%         3
 Dazzling Flash           Conj/Hex       18%          22%         3
 Spider Form              Tmut/Pois      4%           22%         3


Dungeon Overview and Level Annotations

Branches:
Dungeon (3/15)

Altars:
Ashenzari
Fedhas


Innate Abilities, Weirdness & Mutations

Your experience applies equally to all skills.
You have very sharp teeth.
Your uncanny sense of smell can sniff out nearby items.


Message History

You are more confused.
The orc completely misses you.
You closely miss the orc wizard. Your bite misses the orc wizard.
The orc wizard is severely wounded.
The orc wizard points at you and mumbles some strange words.
You are more confused.
The orc hits you but does no damage.
You're too confused to move!
The orc wizard mumbles some strange words.
The orc wizard blinks!
The orc wizard hits you but does no damage.
The orc hits you.
* * * LOW HITPOINT WARNING * * *
You bump into the rock wall.
The orc wizard points at itself and mumbles some strange words.
The orc wizard flickers and vanishes!
Deactivating autopickup; reactivate with Ctrl-A.
The orc closely misses you.
You hit something but do no damage. Something hits you.
You die...

######### #........
######.#...... #########
#{o†))......## ........#
#@####........ #######.# #.#
#.#.##.##
###.########.####.#.#
#...................#
#.#.########o##..#h.g...#
#.#.# #....###......( #.#.#
####.##.. .......
#.#.#####............#..##
#####.....)......######..#..#


You could see an orc wizard (fast) and an orc.

Vanquished Creatures
  A hound (D:2)
  4 adders
  2 worms (D:2)
  A dart slug (D:2)
  3 leopard geckos
  3 orcs (D:3)
  5 bats
  5 giant cockroaches
  5 goblins
  A hobgoblin (D:2)
  7 jackals
  10 kobolds
  A ball python (D:1)
  9 frilled lizards
  7 rats
64 creatures vanquished.

Vanquished Creatures (others)
  A plant (D:2)
1 creature vanquished.

Grand Total: 65 creatures vanquished

Notes
Turn   | Place    | Note
-------+----------+-------------------------------------------
     0 | D:1      | lastplaneout the Gnoll Wanderer began the quest for the
                  | Orb.
     0 | D:1      | lastplaneout set off with the following items: a +0 dagger,
                  | a +0 robe; and the following spells available to memorise:
                  | Corona, Slow, Sting, Confusing Touch, Tukima's Dance,
                  | Ensorcelled Hibernation, Dazzling Flash, Spider Form
     0 | D:1      | Reached XP level 1. HP: 13/13 MP: 4/4
     2 | D:1      | Learned a level 1 spell: Corona
     4 | D:1      | Learned a level 1 spell: Sting
   606 | D:1      | Reached XP level 2. HP: 14/19 MP: 2/5
  1553 | D:1      | Reached XP level 3. HP: 7/25 MP: 1/7
  1787 | D:1      | Learned a level 2 spell: Slow
  1790 | D:1      | Learned a level 2 spell: Ensorcelled Hibernation
  1878 | D:2      | Reached skill level 1 in Invocations
  1984 | D:2      | Reached skill level 1 in Fighting
  1984 | D:2      | Reached skill level 1 in Short Blades
  1984 | D:2      | Reached skill level 1 in Long Blades
  1984 | D:2      | Reached skill level 1 in Axes
  1984 | D:2      | Reached skill level 1 in Maces & Flails
  1984 | D:2      | Reached skill level 1 in Polearms
  1984 | D:2      | Reached skill level 1 in Staves
  1984 | D:2      | Reached skill level 1 in Slings
  1984 | D:2      | Reached skill level 1 in Bows
  1984 | D:2      | Reached skill level 1 in Crossbows
  1984 | D:2      | Reached skill level 1 in Armour
  1984 | D:2      | Reached skill level 1 in Dodging
  1984 | D:2      | Reached skill level 1 in Stealth
  1984 | D:2      | Reached skill level 1 in Shields
  1984 | D:2      | Reached skill level 1 in Unarmed Combat
  1984 | D:2      | Reached XP level 4. HP: 12/32 MP: 5/8
  2370 | D:2      | Reached skill level 1 in Conjurations
  2370 | D:2      | Reached skill level 1 in Summonings
  2370 | D:2      | Reached skill level 1 in Necromancy
  2370 | D:2      | Reached skill level 1 in Translocations
  2370 | D:2      | Reached skill level 1 in Transmutations
  2370 | D:2      | Reached skill level 1 in Ice Magic
  2370 | D:2      | Reached skill level 1 in Earth Magic
  2771 | D:2      | Found a blossoming altar of Fedhas.
  2870 | D:2      | Found a broken altar of Ashenzari.
  3312 | D:3      | Learned a level 3 spell: Confusing Touch
  3359 | D:3      | Reached XP level 5. HP: 35/37 MP: 7/9
  3479 | D:3      | Slain by an orc wizard

Illustrated notes

Levels and vault maps discovered:
D:1:      wander_arrival_lonely_grave, layout_basic
D:2:      layout_rooms, lemuel_doored_altar, fedhas_ov_isle_minmay
D:3:      layout_loops_ring, lemuel_coloured_pillars_altar,
          uniq_crazy_yiuf_cottage

Skill      XL: |  1  2  3  4 |
---------------+-------------+-----
Air Magic      | 2 |  2.3
Invocations    | 1 |  1.5
Fighting       | 1 |  1.4
Short Blades   | 1 |  1.4
Long Blades    | 1 |  1.4
Axes           | 1 |  1.4
Maces & Flails | 1 |  1.4
Polearms       | 1 |  1.4
Staves         | 1 |  1.4
Slings         | 1 |  1.4
Bows           | 1 |  1.4
Crossbows      | 1 |  1.4
Armour         | 1 |  1.4
Dodging        | 1 |  1.4
Stealth        | 1 |  1.4
Shields        | 1 |  1.4
Unarmed Combat | 1 |  1.4
Spellcasting   | 3 |  3.1
Conjurations   | 1 |  1.1
Summonings     | 1 |  1.1
Necromancy     | 1 |  1.1
Translocations | 1 |  1.1
Transmutations | 1 |  1.1
Ice Magic      | 1 |  1.1
Earth Magic    | 1 |  1.1
Throwing       | |  2.9
Hexes          | |  3.9
Fire Magic     | |  3.9
Poison Magic   | |  3.9
Evocations     | |  2.9

Action                   |  1- 3 |  4- 6 || total
-------------------------+-------+-------++-------
Melee: Dagger            |    97 |   190 ||   287
       Bite              |     7 |    27 ||    34
       Punch             |     1 |     2 ||     3
 Cast: Sting             |    12 |    17 ||    29
       Corona            |     7 |     3 ||    10
  Use: Potion            |     1 |     1 ||     2
       Scroll            |       |     8 ||     8
 Stab: Sleeping          |       |     1 ||     1
Armor: Robe              |    23 |    97 ||   120
Dodge: Dodged            |    74 |   209 ||   283
